 Dungeon Crawl Stone Soup version 0.26-a0-1213-gd52f5182fe (webtiles) character file.

Game seed: 18424527055269956043

175 DuloT34 the Grave Robber (level 5, -1/38 HPs)
             Began as a Ghoul Necromancer on Dec 30, 2020.
             Slain by a bullfrog skeleton (6 damage)
             ... on level 4 of the Dungeon.
             The game lasted 00:10:00 (5028 turns).

DuloT34 the Grave Robber (Ghoul Necromancer)        Turns: 5028, Time: 00:10:01

Health: -1/38      AC:  3    Str: 12    XL:     5   Next: 55%
Magic:  8/9        EV: 11    Int: 11    God:
Gold:   160        SH:  2    Dex:  9    Spells: 10/11 levels left

rFire    . . .     SeeInvis .   (no weapon)
rCold    + . .     Faith    .   k - +0 buckler
rNeg     + + +     Spirit   .   a - +0 robe
rPois    ∞         Reflect  .   (no helmet)
rElec    .         Harm     .   (no cloak)
rCorr    .         Rampage  .   (no gloves)
Will     .....                  b - +0 pair of boots
Stlth    ++........             (no amulet)
HPRegen  0.00/turn              (no ring)
MPRegen  0.11/turn              (no ring)

@: no status effects
A: claws 1, cold resistance 1, negative energy resistance 3, inhibited
regeneration, torment resistance, unbreathing
a: no special abilities


You were on level 4 of the Dungeon.
You visited 1 branch of the dungeon, and saw 4 of its levels.

You collected 160 gold pieces.

Inventory:

Armour
 a - a +0 robe (worn)
 b - a +0 pair of boots (worn)
 k - a +0 buckler (worn)
Jewellery
 i - an uncursed amulet of reflection {unknown}
Scrolls
 c - a scroll of amnesia {unknown}
 e - 6 scrolls of identify
 h - a scroll of enchant weapon
 j - a scroll of magic mapping {unknown}
 l - a scroll of enchant armour {unknown}
 m - a scroll of remove curse {unknown}
 n - a scroll of random uselessness {unknown}
Potions
 d - a potion of invisibility {unknown}
 f - 2 potions of degeneration {unknown}
 g - a potion of heal wounds {unknown}
 o - a potion of berserk rage {unknown}


   Skills:
 - Level 1.7 Dodging
 - Level 2.1 Stealth
 + Level 3.5 Spellcasting
 + Level 5.4 Necromancy


You had 10 spell levels left.
You knew the following spells:

 Your Spells              Type           Power        Failure   Level
a - Pain                  Necr           56%          4%          1

Your spell library contained the following spells:

 Spells                   Type           Power        Failure   Level
 Animate Skeleton         Necr           28%          4%          1
 Vampiric Draining        Necr           7%           13%         3
 Animate Dead             Necr           7%           41%         4
 Agony                    Necr           14%          77%         5


Dungeon Overview and Level Annotations

Branches:
Dungeon (4/15)
 Temple: D:4-7

Altars:
Elyvilon
Hepliaklqana
Nemelex Xobeh
Sif Muna
Uskayaw


Innate Abilities, Weirdness & Mutations

You thrive by killing the living.
You are immune to poison.
You have sharp fingernails.
Your flesh is cold resistant. (rC+)
You are immune to negative energy. (rN+++)
You do not regenerate when monsters are visible.
You are immune to unholy pain and torment.
You can survive without breathing.


Message History

You block the bullfrog skeleton's attack.
The bullfrog skeleton hits you.
You barely miss the bullfrog skeleton.
The bullfrog skeleton is moderately damaged.
The bullfrog skeleton barely misses you.
You scratch the bullfrog skeleton but do no damage.
The bullfrog skeleton is moderately damaged.
The bullfrog skeleton hits you. The bullfrog skeleton hits you.
* * * LOW HITPOINT WARNING * * *
The bullfrog skeleton hits you.
* * * LOW HITPOINT WARNING * * *
The bullfrog skeleton hits you.
* * * LOW HITPOINT WARNING * * *
As you read the scroll labelled MIGAET XOOF, it crumbles to dust.
It is a scroll of enchant weapon.
You aren't carrying any weapons that can be enchanted.
You block the bullfrog skeleton's attack.
The bullfrog skeleton hits you.
You die...

### #<# #.# #.##########
####..........#
######.@.........#
#.....Z####.####.#
#.(....#.......#o#
#......#.......#.#
#......#.......#)#
#.........._...).#
#......#.......#.#
#..[...#.......#........
###......#.......#.?..##..


You could see a bullfrog skeleton.

Vanquished Creatures
  2 orc wizards
  3 adders
  An ooze (D:1)
  A worm (D:3)
  A dart slug (D:1)
  3 leopard geckos
  7 orcs
  4 giant cockroaches
  7 goblins
  7 hobgoblins
  8 jackals
  12 kobolds
  3 bats
  4 frilled lizards
  7 rats
70 creatures vanquished.

Notes
Turn   | Place    | Note
-------+----------+-------------------------------------------
     0 | D:1      | DuloT34 the Ghoul Necromancer began the quest for the Orb.
     0 | D:1      | Reached XP level 1. HP: 14/14 MP: 2/2
   564 | D:1      | Reached XP level 2. HP: 20/20 MP: 0/4
  1455 | D:1      | Reached XP level 3. HP: 20/26 MP: 0/5
  2804 | D:2      | Reached XP level 4. HP: 33/33 MP: 2/7
  2981 | D:2      | Found a sparkling altar of Nemelex Xobeh.
  3354 | D:2      | Found a hide-covered altar of Uskayaw.
  3590 | D:3      | Found a white marble altar of Elyvilon.
  3644 | D:3      | Reached skill level 5 in Necromancy
  3774 | D:3      | Reached XP level 5. HP: 38/38 MP: 3/8
  4561 | D:3      | Found a hazy altar of Hepliaklqana.
  4594 | D:4      | Found a shimmering blue altar of Sif Muna.
  4648 | D:4      | HP: 1/38 [orc (3)]
  5028 | D:4      | Slain by a bullfrog skeleton

Illustrated notes

Levels and vault maps discovered:
D:1:      sevenhm_arrival_forest_fort_large_2, layout_basic
D:2:      layout_basic, general_overflow_altar, overflow_temple_1_default
D:3:      layout_loops_ring, nzn_hepliaklqana_mist_gate, elyvilon_altar_1
D:4:      layout_basic, lemuel_round_altar, chequers_serial_rivers_room_a,
          lemuel_tele_altar

Skill      XL: |  1  2  3  4 |
---------------+-------------+-----
Spellcasting   | 2 3 |  3.5
Necromancy     | 5 |  5.4
Dodging        | |  1.7
Stealth        | |  2.1

Action                   |  1- 3 |  4- 6 || total
-------------------------+-------+-------++-------
Melee: Unarmed           |    89 |    45 ||   134
 Cast: Pain              |    62 |    83 ||   145
  Use: Scroll            |     3 |     2 ||     5
Armor: Robe              |    28 |     7 ||    35
Dodge: Dodged            |    72 |    29 ||   101
Block: Buckler           |       |     2 ||     2

Table legend: (Time is in decaauts)
 A = Elapsed time spent in this place.
 B = Non-inter-level travel time spent in this place.
 C = Inter-level travel time spent in this place.
 D = Time resting spent in this place.
 E = Time spent auto-exploring this place.
 F = Levels seen in this place.
 G = Mean time per level.
                   A        B        C        D        E       F      G
               +--------+--------+--------+--------+--------+-----+--------+
         Total |   5028 |   4963 |     65 |   1820 |   2566 |   4 | 1257.0 |
       Dungeon |   5028 |   4963 |     65 |   1820 |   2566 |   4 | 1257.0 |
               +--------+--------+--------+--------+--------+-----+--------+

Top non-repeatable levels by time:
     D:1: 2059 daAuts
     D:3: 1393 daAuts
     D:2: 1369 daAuts
     D:4: 206 daAuts
